Map: 2000 Atmospheres LE

Players

BattleB - Winner!

  • Race: Terran Terran

Krystianer

  • Race: Protoss Protoss

Event: DreamHack SC2 Masters 2021 Winter

VOD

Have the link to the VOD?

Description

Time

  • Played on: Oct. 8, 2021, 1:32 p.m.
  • Length: 14:11

All games in this series

Show
View Real Time Build Order
Export as new Build Order

BattleB Terran - Winner!

Build Orders:  

Get SALT Encoding   

  12  0:00  SCV  
  13  0:12  SCV  
  14  0:17  Supply Depot  
  14  0:25  SCV  
  15  0:38  SCV  
  15  0:39  Barracks  
  16  0:43  Refinery  
  16  0:50  SCV  
  17  1:02  SCV  
  18  1:14  SCV  
  19  1:26  Marine, Orbital Command  
  20  1:42  Command Center  
  20  1:51  Factory  
  20  1:54  SCV  
  21  2:02  Barracks Reactor  
  21  2:04  Supply Depot  
  21  2:07  SCV  
  22  2:12  Refinery  
  22  2:19  SCV  
  23  2:31  SCV  
  23  2:36  Hellion  
  26  2:39  Marine x2  
  26  2:40  Starport  
  26  2:43  SCV  
  29  2:54  Orbital Command  
  29  2:55  SCV  
  29  2:56  Marine  
  29  2:57  Marine  
  32  3:00  Widow Mine  
  34  3:07  SCV  
  35  3:14  Marine  
  35  3:15  Marine  
  35  3:17  Medivac  
  35  3:19  Supply Depot  
  39  3:20  SCV  
  39  3:22  SCV  
  39  3:26  Factory Tech Lab  
  40  3:32  SCV  
  40  3:34  SCV, Marine x2  
  44  3:42  Supply Depot  
  44  3:45  SCV  
  44  3:47  SCV  
  46  3:49  Cyclone  
  46  3:53  Marine  
  46  3:54  Barracks  
  46  3:55  Marine  
  49  3:57  SCV  
  49  4:00  SCV  
  51  4:05  Supply Depot  
  51  4:09  SCV  
  52  4:11  Starport Tech Lab, Barracks  
  52  4:13  SCV  
  52  4:15  Marine  
  54  4:18  Marine  
  54  4:21  SCV  
  56  4:27  SCV  
  57  4:33  SCV, Engineering Bay  
  57  4:34  Refinery  
  57  4:37  Supply Depot, Marine x2  
  59  4:39  SCV  
  59  4:45  SCV  
  59  4:51  SCV, Bunker  
  60  4:54  Factory Reactor, Starport Reactor, Marine x2  
  60  4:59  Missile Turret  
  62  5:00  Terran Infantry Weapons Level 1  
  62  5:01  Stimpack  
  62  5:02  SCV  
  62  5:03  SCV  
  64  5:08  Missile Turret, Combat Shield  
  64  5:12  Supply Depot  
  64  5:15  SCV x2, Refinery  
  64  5:19  Marauder  
  66  5:23  Marine x2  
  66  5:24  Marauder  
  70  5:31  Supply Depot  
  70  5:32  Widow Mine  
  70  5:35  Widow Mine, Supply Depot  
  74  5:38  Medivac  
  74  5:39  Medivac  
  78  5:44  Marauder  
  78  5:45  Marauder, Marine x2  
  84  5:54  Supply Depot  
  84  5:55  Widow Mine  
  84  5:56  Widow Mine  
  88  6:01  Supply Depot  
  88  6:05  Marauder  
  88  6:06  Marauder  
  88  6:09  Marine  
  88  6:10  Medivac x2, Marine  
  98  6:19  Widow Mine x2  
  98  6:21  Supply Depot  
  102  6:26  Marauder  
  102  6:27  Marine x2  
  102  6:28  Marauder  
  108  6:44  Widow Mine, Barracks  
  108  6:45  Widow Mine  
  108  6:46  Command Center, Barracks  
  112  6:49  Medivac  
  112  6:51  Medivac  
  116  6:55  Marine, Terran Infantry Armor Level 1  
  116  6:57  Marine  
  118  7:04  Marauder  
  118  7:05  Marauder  
  118  7:06  SCV  
  118  7:07  SCV  
  124  7:14  Widow Mine  
  124  7:15  Widow Mine  
  126  7:16  Marine  
  126  7:18  SCV, Marine  
  126  7:19  SCV  
  119  7:26  Medivac x2  
  121  7:30  SCV  
  121  7:31  SCV  
  121  7:34  Marauder  
  121  7:35  Barracks Reactor  
  121  7:36  Barracks Tech Lab, Marine  
  115  7:38  Marine  
  115  7:39  Marine  
  115  7:43  Widow Mine  
  119  7:46  Widow Mine  
  119  7:47  SCV  
  119  7:50  SCV  
  120  7:54  Marine x2  
  120  7:57  Marauder  
  120  7:59  Medivac, SCV  
  120  8:03  Orbital Command  
  120  8:05  Marine  
  119  8:09  SCV, Marine  
  119  8:11  SCV  
  116  8:13  Marine  
  116  8:14  Marine  
  116  8:16  Marine x2  
  120  8:21  SCV  
  120  8:23  Widow Mine x2  
  120  8:24  SCV  
  120  8:26  Marine x2  
  128  8:27  Marine  
  128  8:33  SCV, Marine x2  
  131  8:34  SCV  
  131  8:39  Marine  
  131  8:40  Marine  
  124  8:44  Marine  
  124  8:45  Liberator x2  
  124  8:46  Marauder x2  
  124  8:47  SCV x2  
  124  8:48  SCV  
  126  8:50  Widow Mine  
  126  8:51  Widow Mine  
  126  8:53  Marine  
  126  8:54  Marine  
  132  8:58  Marine  
  132  9:01  SCV x2  
  132  9:02  Armory  
  132  9:04  Marine x2  
  132  9:06  Engineering Bay  
  132  9:07  Marine  
  132  9:11  Marine  
  132  9:12  Marine  
  132  9:13  Refinery  
  132  9:15  Refinery  
  132  9:16  Marine  
  138  9:17  Widow Mine  
  138  9:18  Supply Depot  
  138  9:19  Supply Depot, Widow Mine  
  138  9:22  Marine  
  138  9:23  Marine  
  141  9:25  Ghost Academy  
  141  9:39  Marauder x2, Marine x3  
  141  9:45  Marine  
  148  9:47  Supply Depot, Medivac, Widow Mine  
  148  9:48  Widow Mine, Medivac  
  148  9:50  Supply Depot  
  157  10:01  Enhanced Shockwaves  
  157  10:05  Supply Depot  
  157  10:08  Marine x3, Ghost x2  
  157  10:11  Ghost  
  157  10:13  Widow Mine x2  
  170  10:16  Marine  
  170  10:19  Medivac x2  
  172  10:23  Supply Depot  
  172  10:24  Supply Depot, SCV  
  172  10:25  SCV  
  172  10:26  Marine  
  172  10:28  SCV  
  171  10:29  Marine  
  161  10:36  Widow Mine, Ghost x2, Marine  
  158  10:48  Terran Infantry Weapons Level 2, Terran Infantry Armor Level 2  
  152  10:53  Marine x3  
  152  10:55  Marine x2  
  145  11:03  Command Center  
  145  11:05  Marauder  
  145  11:07  Widow Mine x2  
  145  11:08  Marine  
  148  11:15  Marine  
  148  11:16  Marauder  
  151  11:19  Marine x2  
  151  11:20  Marine  
  154  11:29  Ghost  
  154  11:31  Ghost  
  157  11:35  Marine  
  157  11:36  Widow Mine x2  
  157  11:37  Marauder  
  166  11:41  Liberator x2  
  166  11:44  Marine  
  162  11:47  Marine  
  162  11:50  Marine  
  162  11:53  Marine  
  158  11:58  Marauder  
  159  12:01  Marine  
  159  12:02  Marauder  
  159  12:08  Marine  
  162  12:10  Barracks  
  162  12:11  Marine, Barracks  
  162  12:13  Widow Mine, Barracks  
  162  12:14  Marine  
  165  12:16  Marine  
  165  12:19  Marauder  
  166  12:25  Marine  
  166  12:26  Marine  
  166  12:27  Marauder  
  166  12:29  Marine  
  171  12:32  Marine  
  171  12:34  Viking  
  174  12:37  Viking  
  174  12:41  Marauder  
  174  12:44  SCV x3  
  180  12:50  Marine  
  184  12:51  Marauder  
  184  12:53  Marine x2  
  184  12:54  Marauder  
  187  12:59  Marine  
  182  13:11  Marine  
  182  13:12  Marauder  
  165  13:14  Marauder, Marine  
  165  13:15  Marine  
  165  13:18  Marine  
  165  13:19  Marine  
  158  13:23  Liberator x2  
  158  13:26  Barracks Tech Lab x2  
  164  13:27  Barracks Reactor  
  164  13:29  Marine  
  164  13:30  Planetary Fortress  
  164  13:32  Marine  
  163  13:35  Marine  
  163  13:37  Marine  
  163  13:38  Marauder  
  163  13:40  Marine  
  168  13:46  Marine  
  168  13:47  Marine  
  168  13:48  Marauder  
  166  13:49  Marauder  
  166  13:50  Marine  
Show
View Real Time Build Order
Export as new Build Order

Krystianer Protoss 

Build Orders: 1 Gate Expand, Oracle Opening, Zealot Archon 

Get SALT Encoding   

  12  0:00  Probe  
  13  0:12  Probe  
  14  0:17  Pylon  
  14  0:24  Probe (Chrono Boost)  
  15  0:36  Gateway  
  15  0:37  Probe (Chrono Boost)  
  16  0:43  Probe (Chrono Boost)  
  16  0:45  Assimilator  
  17  0:52  Probe  
  18  1:04  Probe  
  19  1:16  Probe  
  20  1:22  Nexus  
  20  1:32  Cybernetics Core  
  20  1:35  Probe  
  21  1:41  Assimilator  
  21  1:47  Probe  
  21  1:50  Pylon  
  22  2:00  Probe  
  23  2:06  Adept (Chrono Boost)  
  23  2:12  Probe  
  26  2:15  Stargate  
  26  2:22  Warp Gate  
  26  2:24  Probe (Chrono Boost)  
  26  2:28  Adept  
  29  2:35  Probe (Chrono Boost)  
  29  2:36  Probe (Chrono Boost)  
  31  2:43  Probe x2 (Chrono Boost)  
  33  2:48  Probe (Chrono Boost)  
  33  2:50  Probe  
  35  2:59  Oracle (Chrono Boost)  
  35  3:00  Probe  
  35  3:02  Probe  
  40  3:12  Probe  
  41  3:14  Probe  
  42  3:21  Nexus  
  42  3:24  Probe, Pylon  
  42  3:26  Probe  
  44  3:36  Probe  
  44  3:37  Gateway  
  44  3:39  Gateway  
  44  3:41  Probe  
  46  3:48  Probe  
  46  3:51  Pylon  
  46  3:53  Probe  
  46  3:55  Assimilator  
  48  3:59  Oracle  
  48  4:00  Probe  
  52  4:05  Probe  
  53  4:13  Probe (Chrono Boost)  
  53  4:16  Stalker  
  56  4:17  Probe (Chrono Boost)  
  58  4:24  Probe (Chrono Boost)  
  58  4:27  Probe (Chrono Boost)  
  58  4:30  Probe (Chrono Boost)  
  57  4:32  Probe (Chrono Boost)  
  57  4:33  Stalker  
  57  4:35  Stalker  
  56  4:39  Probe (Chrono Boost)  
  56  4:43  Stalker, Probe (Chrono Boost)  
  61  4:49  Probe (Chrono Boost)  
  61  4:50  Twilight Council  
  61  4:51  Probe (Chrono Boost), Forge  
  63  4:54  Probe (Chrono Boost)  
  63  4:55  Probe (Chrono Boost)  
  63  4:56  Probe (Chrono Boost)  
  65  5:02  Stalker  
  65  5:03  Probe, Shield Battery  
  65  5:06  Probe  
  69  5:08  Stalker  
  69  5:10  Probe  
  69  5:11  Pylon  
  69  5:13  Protoss Ground Weapons Level 1 (Chrono Boost)  
  72  5:15  Probe  
  72  5:19  Probe  
  72  5:21  Charge (Chrono Boost)  
  74  5:23  Gateway, Probe  
  74  5:26  Gateway  
  75  5:30  Gateway  
  75  5:34  Gateway  
  75  5:38  Assimilator  
  75  5:40  Gateway  
  75  5:43  Probe x3  
  75  5:46  Templar Archives  
  78  5:51  Photon Cannon  
  78  5:56  Pylon  
  78  5:57  Pylon, Sentry  
  78  6:01  Phoenix (Chrono Boost)  
  82  6:07  Zealot  
  82  6:10  Pylon  
  84  6:11  Pylon  
  84  6:17  Phoenix (Chrono Boost)  
  84  6:18  Pylon  
  84  6:19  Pylon  
  84  6:21  Zealot x3  
  92  6:37  Zealot x5  
  102  6:42  Zealot, High Templar x2  
  102  6:45  Probe, Pylon  
  109  6:49  Assimilator, Probe  
  109  6:52  Archon  
  109  6:53  Robotics Facility  
  110  6:57  Zealot x5  
  120  7:19  Zealot x7  
  124  7:25  Zealot  
  124  7:26  Probe  
  104  7:40  Zealot x7  
  104  7:41  Immortal  
  100  7:59  Zealot  
  100  8:00  Zealot x5  
  100  8:01  Phoenix (Chrono Boost)  
  100  8:02  Probe  
  97  8:06  Probe  
  97  8:07  Zealot x2  
  92  8:19  Photon Cannon  
  90  8:20  High Templar  
  90  8:21  Zealot x2, High Templar x3  
  90  8:22  Immortal (Chrono Boost)  
  90  8:24  Archon  
  90  8:25  Archon  
  101  8:28  Zealot  
  101  8:30  Zealot  
  99  8:37  Probe  
  92  8:43  Zealot  
  92  8:51  Zealot x2  
  92  8:52  Zealot  
  92  8:53  Zealot x4  
  92  8:55  Probe  
  107  8:57  Assimilator  
  107  8:58  Pylon  
  107  9:01  Phoenix  
  107  9:14  Zealot x8  
  123  9:20  Robotics Bay  
  123  9:21  Robotics Facility  
  123  9:22  Photon Cannon  
  123  9:25  Shield Battery  
  123  9:37  High Templar x2  
  127  9:40  Zealot x4, High Templar x2  
  127  9:41  Archon  
  137  9:46  Archon  
  125  10:06  Disruptor x2 (Chrono Boost)  
  125  10:10  Nexus  
  125  10:12  Pylon  
  131  10:15  Zealot x5  
  141  10:33  Zealot x2  
  125  10:39  Observer (Chrono Boost)  
  125  10:40  Zealot x2, Probe x2  
  125  10:41  Zealot x4  
  125  10:42  Probe  
  108  10:52  Probe x2  
  108  10:53  Colossus (Chrono Boost)  
  108  10:54  Probe  
  108  10:56  Colossus (Chrono Boost)  
  117  11:04  Probe x2  
  124  11:07  Probe  
  124  11:11  Zealot x2  
  127  11:13  High Templar  
  127  11:14  High Templar  
  127  11:17  Probe x2  
  127  11:18  Pylon  
  135  11:19  Archon  
  135  11:20  Extended Thermal Lance  
  121  11:36  Disruptor (Chrono Boost)  
  120  11:41  Zealot x6  
  120  11:42  Observer (Chrono Boost)  
  115  11:51  Zealot x2  
  115  11:52  Shield Battery  
  119  11:57  Probe  
  119  12:00  Probe  
  119  12:01  Probe  
  119  12:03  Zealot x4  
  127  12:12  Zealot x3  
  133  12:16  Zealot  
  133  12:17  Probe x2  
  133  12:19  Phoenix  
  139  12:25  Stalker x2  
  143  12:34  Disruptor x2 (Chrono Boost)  
  149  12:37  Assimilator  
  149  12:41  Assimilator  
  149  12:42  High Templar x2  
  151  12:45  Sentry  
  151  12:46  Archon, Sentry  
  149  13:00  Disruptor (Chrono Boost)  
  108  13:13  Nexus  
  108  13:15  Stalker x2, Zealot x3  
  108  13:16  Stalker  
  121  13:31  Zealot x2  
  125  13:37  Pylon  
  125  13:38  High Templar x2  
  125  13:47  Stalker x5  
  125  13:48  Archon  
  135  13:50  Zealot  
  120  13:58  Probe  

Tags
 
Add a new tag
Caveats
  • Supply blocks, unpowered buildings, or Contaminate may cause inaccurate times.
  • Supply counts are checked every 10 seconds.